 Dungeon Crawl Stone Soup version 0.31-a0-702-gf82c85558f (webtiles) character file.

Game seed: 11300254791909123098

910 cforsyth the Trooper (level 8, -15/43 (51) HPs)
             Began as a Djinni Chaos Knight on Sept 8, 2023.
             Was a Follower of Hepliaklqana.
             Demolished by an ogre
             ... wielding a +0 giant spiked club
              (22 damage)
             ... on level 5 of the Dungeon.
             The game lasted 00:10:06 (5224 turns).

cforsyth the Trooper (Djinni Chaos Knight)          Turns: 5224, Time: 00:10:06

HP:   -15/43 (51)   AC:  7    Str: 10    XL:     8   Next: 30%
Gold: 291           EV: 16    Int: 20    God:    Hepliaklqana [*.....] SH:  0 Dex: 12

rFire   + + +        s - +2 mace (protect)
rCold   x . .        (no shield)
rNeg    . . .        b - +3 leather armour
rPois   ∞            (no helmet)
rElec   +            (no cloak)
rCorr   .            n - +0 pair of gloves
SInv    .            (boots unavailable)
Will    +....        v - amulet of faith
Stlth   +            m - ring of willpower
HPRegen 0.27/turn    u - +5 ring of evasion
MPRegen 0.00/turn

%: faith, infuse magic (-16 HP)
@: flying, heavily drained
A: reduced essence, sickness immunity, fire resistance 3, cold vulnerability 1,
float, innate caster, HP casting, extra vitality 1, iridescent scales 1, clever
1, deformed body, frail 1, sense surroundings 1, electricity resistance,
inability to drink after injury 1
a: Renounce Religion, Recall Ancestor, Ancestor Identity


You were on level 5 of the Dungeon.
You worshipped Hepliaklqana.
Hepliaklqana was aware of your devotion.
You visited 2 branches of the dungeon, and saw 7 of its levels.
You also visited: Ossuary.

You collected 291 gold pieces.

Inventory:

Hand Weapons
 a - a +0 falchion of chaos
 s - a +2 mace of protection (weapon)
Armour
 b - a +3 leather armour (worn)
 n - a +0 pair of gloves (worn)
Jewellery
 d - a ring of protection from fire
 m - a ring of willpower (left hand)
 u - a +5 ring of evasion (right hand)
 v - an amulet of faith (around neck)
Wands
 c - a wand of flame (12)
Scrolls
 e - 3 scrolls of brand weapon
 f - a scroll of poison
 j - a scroll of summoning {unknown}
 o - a scroll of noise
 p - a scroll of identify
 q - a scroll of revelation {unknown}
 w - a scroll of teleportation
Potions
 g - 2 potions of attraction
 h - a potion of lignification
 i - 3 potions of cancellation
 k - 2 potions of curing
 l - a potion of brilliance {unknown}
 r - a potion of invisibility {unknown}
 t - 2 potions of berserk rage


   Skills:
 + Level 7.0 Fighting
 - Level 2.6 Long Blades
 - Level 1.0 Armour
 - Level 2.1 Dodging
 + Level 4.5 Spellcasting
 + Level 4.5 Conjurations
 + Level 4.5 Hexes
 + Level 4.5 Summonings
 + Level 4.5 Necromancy
 + Level 4.5 Translocations
 + Level 4.5 Transmutations
 + Level 4.5 Fire Magic
 + Level 4.5 Ice Magic
 + Level 4.5 Air Magic
 + Level 4.5 Earth Magic
 + Level 4.5 Poison Magic


You knew the following spells:

 Your Spells              Type           Power      Damage    Failure   Level
a - Magic Dart            Conj           88%        1d7       2%          1
b - Ensorcelled Hibernat  Hex/Ice        44%        N/A       4%          2
c - Blink                 Tloc           44%        N/A       4%          2
Your spell library was empty.

Dungeon Overview and Level Annotations

Branches:
Dungeon (6/15)             Temple (1/1) D:4         Ossuary (visited)

Altars:
Ashenzari
Cheibriados
Dithmenos
Elyvilon
Fedhas
Gozag
Hepliaklqana
Makhleb
Okawaru
Qazlal
Ru
Trog
Wu Jian
Xom
Yredelemnul
The Shining One

Annotations:
D:3 Sigmund


Innate Abilities, Weirdness & Mutations

Your life essence is reduced to manifest your ancestor. (-10% HP)
You are immune to sickness and miasma.
You are immune to poison.
Your flesh is almost immune to the effects of heat. (rF+++)
You are vulnerable to cold. (rC-)
You float through the air rather than walking.
You learn spells naturally, not from books.
Your magical power is your life essence.
You have superior vitality. (+4 MHP)
You are partially covered in iridescent scales. (AC +2)
Your mind is acute. (Int +4, Str/Dex -1)
Armour fits poorly on your strangely shaped body.
You are frail. (-10% HP)
You passively map a small area around you.
You are resistant to electric shocks. (rElec)
You occasionally lose the ability to drink potions when taking damage.


Message History

An ice beast is nearby!
The ice beast hits you. The ice beast freezes you!
You feel a terrible chill!
You barely miss the ice beast. The ice beast barely misses you.
You hit the ice beast but do no damage.
Your weapon exudes an aura of protection.
The ice beast misses you. Ælfthryth hits the ice beast but does no damage.
The ice beast closely misses you.
You hit the ice beast.
The ice beast is lightly wounded. Ælfthryth closely misses the ice beast.
The ice beast misses you. Ælfthryth closely misses the ice beast.
You closely miss the ice beast.
The ice beast is lightly wounded.
The ice beast hits you. The ice beast freezes you!!
You feel a terrible chill!
* * * LOW HITPOINT WARNING * * *
Ælfthryth closely misses the ice beast.
You are too injured to fight recklessly!
You are too injured to fight recklessly!
You are too injured to fight recklessly!
You are too injured to fight recklessly!
You are too injured to fight recklessly!
The ice beast hits Ælfthryth.
The ice beast freezes Ælfthryth! Ælfthryth resists. Ælfthryth hits the ice beast.
The ice beast hits Ælfthryth.
The ice beast freezes Ælfthryth. Ælfthryth resists. Ælfthryth closely misses the ice beast.
Found an escape hatch in the ceiling.
The ice beast hits Ælfthryth but does no damage. Ælfthryth misses the ice beast. Ælfthryth closely misses the ice beast. Ælfthryth barely misses the ice beast.
An ogre comes into view. It is wielding a +0 giant spiked club.
A hound comes into view.
The hound barks!
The ogre hits you with a +0 giant spiked club!!
Ouch! That really hurt!
You die...
Xom cackles wildly!

* , , * #......(...# ...
#.. ####..........# *
....#..,.#.............#
,....#.. ..[.....####...#
,......h ..........##....
....... .........##....
###.... #.....##....
......O######.....####..
.......@..Y.R...........
,..............#.........
*
..............#.........
...###........#......###
* .. ################# *
,. ,


You could see the friendly Ælfthryth the ancestor, an ice beast (ally target),
an ogre and a hound.

Vanquished Creatures
  2 ogres
  A jelly (D:4)
  3 hounds
  2 orc priests
  An orc wizard (D:4)
  2 mummies (Ossuary)
  3 adders
  An ufetubus (D:4)
  6 adder zombies (Ossuary)
  5 orcs
  5 ball pythons
  3 bats
  4 endoplasms
  4 gnoll zombies (Ossuary)
  11 goblins
  6 hobgoblins
  10 jackals
  2 kobolds
  3 quokkas
  A frilled lizard (D:2)
  5 hobgoblin zombies (Ossuary)
  3 orc zombies (Ossuary)
  8 rats
91 creatures vanquished.

Vanquished Creatures (collateral kills)
  A black bear (D:5)
  An ogre (D:5)
  2 water moccasin zombies (Ossuary)
  A sleepcap (D:5)
  2 iguanas (D:5)
  An adder zombie (Ossuary)
  3 orcs (D:5)
  A hobgoblin zombie (Ossuary)
  A kobold zombie (Ossuary)
  An orc zombie (Ossuary)
14 creatures vanquished.

Grand Total: 105 creatures vanquished

Notes
Turn   | Place    | Note
-------+----------+-------------------------------------------
     0 | D:1      | cforsyth the Djinni Chaos Knight began the quest for the
                  | Orb.
     0 | D:1      | Reached XP level 1. HP: 20/20 MP: 0/0
    59 | D:1      | XOM: silly message
    86 | D:1      | Reached XP level 2. HP: 13/25 MP: 0/0
   306 | D:1      | Reached skill level 1 in Spellcasting
   306 | D:1      | Reached skill level 1 in Conjurations
   306 | D:1      | Reached skill level 1 in Hexes
   306 | D:1      | Reached skill level 1 in Summonings
   306 | D:1      | Reached skill level 1 in Necromancy
   306 | D:1      | Reached skill level 1 in Translocations
   306 | D:1      | Reached skill level 1 in Transmutations
   306 | D:1      | Reached skill level 1 in Fire Magic
   306 | D:1      | Reached skill level 1 in Ice Magic
   306 | D:1      | Reached skill level 1 in Air Magic
   306 | D:1      | Reached skill level 1 in Earth Magic
   306 | D:1      | Reached skill level 1 in Poison Magic
   381 | D:1      | XOM: silly message
   393 | D:1      | Reached XP level 3. HP: 24/30 MP: 0/0
   393 | D:1      | Learned a level 1 spell: Magic Dart
  1162 | D:3      | Reached XP level 4. HP: 37/37 MP: 0/0
  1182 | D:3      | XOM: 1-stop teleportation journey
  1228 | D:3      | Reached skill level 4 in Fighting
  1351 | D:3      | XOM: 3-stop teleportation journey
  1511 | D:3      | Noticed Sigmund
  1511 | D:3      | XOM: potion effect (might)
  1741 | D:3      | XOM: potion effect (brilliance)
  1761 | D:2      | XOM: give mutations
  1761 | D:2      | Gained mutation: You are dopey. (Int -2) [Xom's mischief]
  1761 | D:2      | Gained mutation: You are clumsy. (Dex -2) [Xom's mischief]
  1910 | D:4      | Reached XP level 5. HP: 38/41 MP: 0/0
  1910 | D:4      | Learned a level 2 spell: Ensorcelled Hibernation
  1921 | D:4      | XOM: give mutations
  1921 | D:4      | Gained mutation: You occasionally lose the ability to drink
                  | potions when taking damage. [Xom's mischief]
  1921 | D:4      | Lost mutation: You are dopey. (Int -2) [Xom's mischief]
  1921 | D:4      | Gained mutation: Your mind is acute. (Int +4, Str/Dex -1)
                  | [Xom's mischief]
  1936 | D:4      | Found a hazy altar of Hepliaklqana.
  1977 | D:4      | Fell from the grace of Xom
  1977 | D:4      | Became a worshipper of Hepliaklqana the Forgotten
  2089 | D:4      | XOM: summons 1 hostile shadow creature
  2207 | D:4      | Found a burning altar of Makhleb.
  2360 | D:4      | Noticed an ogre
  2373 | D:4      | Killed an ogre
  2374 | D:4      | Reached XP level 6. HP: 19/49 MP: 0/0
  2384 | D:4      | XOM: stat loss: -3 Dex (7/10)
  2404 | D:4      | Reached skill level 5 in Fighting
  2564 | D:3      | Found a sacrificial altar of Ru.
  2757 | D:4      | Found a staircase to the Ecumenical Temple.
  2772 | Temple   | Entered the Ecumenical Temple
  2875 | D:4      | XOM: give mutations
  2875 | D:4      | Gained mutation: You are resistant to electric shocks.
                  | (rElec) [Xom's mischief]
  2875 | D:4      | Gained mutation: Your spells are a little harder to cast,
                  | but a little more powerful. [Xom's mischief]
  2875 | D:4      | Gained mutation: You are very vulnerable to cold. (rC--)
                  | [Xom's mischief]
  2875 | D:4      | Gained mutation: You are frail. (-10% HP) [Xom's mischief]
  3340 | D:3      | XOM: summons 10 hostile demons
  3341 | D:3      | Noticed a neqoxec
  3341 | D:3      | Noticed a ynoxinul
  3341 | D:3      | Noticed a hellwing
  3680 | D:2      | XOM: summons 6 hostile demons
  3681 | D:2      | Noticed a chaos spawn
  3681 | D:2      | Noticed a ynoxinul
  3681 | D:2      | Noticed a hellwing
  3816 | D:2      | XOM: give mutations
  3816 | D:2      | Gained mutation: You have hidden genetic potential. [Xom's
                  | grace]
  3816 | D:2      | Gained mutation: You expend health (3 HP) to strengthen
                  | your wands. [Xom's grace]
  3922 | D:3      | XOM: give mutation
  3922 | D:3      | Gained mutation: You sometimes lose the ability to drink
                  | potions when taking damage. [Xom's mischief]
  3946 | D:3      | XOM: give mutations
  3946 | D:3      | Lost mutation: Your spells are a little harder to cast, but
                  | a little more powerful. [Xom's mischief]
  3946 | D:3      | Lost mutation: You sometimes lose the ability to drink
                  | potions when taking damage. [Xom's mischief]
  3946 | D:3      | Lost mutation: You are clumsy. (Dex -2) [Xom's mischief]
  4202 | D:4      | Reached * piety under Hepliaklqana
  4306 | D:4      | XOM: give mutations
  4306 | D:4      | Lost mutation: You expend health (3 HP) to strengthen your
                  | wands. [Xom's mischief]
  4306 | D:4      | Lost mutation: You are very vulnerable to cold. (rC--)
                  | [Xom's mischief]
  4306 | D:4      | Gained mutation: Your flesh is almost immune to the effects
                  | of heat. (rF+++) [Xom's mischief]
  4306 | D:4      | Gained mutation: Armour fits poorly on your strangely
                  | shaped body. [Xom's mischief]
  4376 | D:5      | Entered Level 5 of the Dungeon
  4381 | D:5      | Noticed an ogre
  4383 | D:5      | Noticed an ogre
  4389 | D:5      | Killed an ogre
  4390 | D:5      | Reached XP level 7. HP: 42/44 MP: 0/0
  4390 | D:5      | Learned a level 2 spell: Blink
  4397 | D:5      | Gained mutation: You are partially covered in iridescent
                  | scales. (AC +2) [hidden potential]
  4453 | D:5      | Reached skill level 6 in Fighting
  4520 | D:5      | You are sucked into a shaft and drop 1 floor!
  4540 | D:6      | Noticed a water moccasin
  4651 | D:5      | Found a sand-covered staircase.
  4678 | Ossuary  | Entered an ossuary
  4712 | Ossuary  | Reached XP level 8. HP: 49/49 MP: 0/0
  4798 | Ossuary  | Gained mutation: You passively map a small area around you.
                  | [hidden potential]
  4798 | Ossuary  | Lost mutation: You have hidden genetic potential. [hidden
                  | potential expressed]
  5139 | D:5      | Reached skill level 7 in Fighting
  5142 | D:5      | XOM: draining
  5224 | D:5      | Demolished by an ogre

Illustrated notes

Levels and vault maps discovered:
D:1:      saegor_arrival_miasma, layout_rooms, minmay_split_cup_small
D:2:      layout_rooms, nicolae_concentric_dashed_squares_mild
D:3:      layout_basic, nicolae_ru_sacrificial_ziggurat,
          kennysheep_generic_room_3, uniq_sigmund
D:4:      layout_loops_ring, mainiacjoe_overflow_tiny_flanked, bloody_makhleb,
          minmay_temple_entry_fiery, serial_aquarium, aquarium_bridge_square
          [aquarium_subvault_bridge, aquarium_subvault_balcony,
          aquarium_subvault_window, aquarium_subvault_bridge],
          aquarium_window_fake, aquarium_window_fake, aquarium_view_2d,
          aquarium_view_2d
D:5:      layout_basic, nicolae_ossuary_entry_false_entrances
D:6:      layout_rooms, general_overflow_altar, uniq_prince_ribbit1
Temple:   regret_index_temple_generic_petals

Skill      XL: |  1  2  3  4  5  6  7  8 |
---------------+-------------------------+-----
Spellcasting   | 1 2 3 4 |  4.5
Conjurations   | 1 2 3 4 |  4.5
Hexes          | 1 2 3 4 |  4.5
Summonings     | 1 2 3 4 |  4.5
Necromancy     | 1 2 3 4 |  4.5
Translocations | 1 2 3 4 |  4.5
Transmutations | 1 2 3 4 |  4.5
Fire Magic     | 1 2 3 4 |  4.5
Ice Magic      | 1 2 3 4 |  4.5
Air Magic      | 1 2 3 4 |  4.5
Earth Magic    | 1 2 3 4 |  4.5
Poison Magic   | 1 2 3 4 |  4.5
Fighting       | 4 5 6 7 |  7.0
Long Blades    | |  2.6
Armour         | |  1.0
Dodging        | |  2.1

Action                     |  1- 3 |  4- 6 |  7- 9 || total
---------------------------+-------+-------+-------++-------
  Melee: Falchion          |   115 |    62 |       ||   177
         Punch             |     1 |     3 |     3 ||     7
         Mace              |       |   136 |   138 ||   274
   Cast: Magic Dart        |       |     6 |       ||     6
         Ensorcelled Hiber |       |     6 |       ||     6
  Evoke: Wand              |       |       |     2 ||     2
    Use: Scroll            |       |    14 |     3 ||    17
         Potion            |       |     3 |       ||     3
   Stab: Sleeping          |     1 |     1 |       ||     2
         Distracted        |       |       |     1 ||     1
 Armour: Leather armour    |    90 |   165 |    78 ||   333
         Skin              |       |    29 |       ||    29
  Dodge: Dodged            |    84 |   217 |   149 ||   450

Table legend: (Time is in decaauts)
 A = Elapsed time spent in this place.
 B = Non-inter-level travel time spent in this place.
 C = Inter-level travel time spent in this place.
 D = Time resting spent in this place.
 E = Time spent auto-exploring this place.
 F = Levels seen in this place.
 G = Mean time per level.
                   A        B        C        D        E       F      G
               +--------+--------+--------+--------+--------+-----+--------+
         Total |   5375 |   5234 |    141 |   1031 |   2896 |   8 |  671.9 |
       Dungeon |   5019 |   4878 |    141 |   1031 |   2703 |   6 |  836.5 |
        Temple |      1 |      1 |      0 |      0 |      0 |   1 |    1.0 |
       Ossuary |    354 |    354 |      0 |      0 |    193 |   1 |  354.0 |
               +--------+--------+--------+--------+--------+-----+--------+

Top non-repeatable levels by time:
     D:2: 1362 daAuts
     D:4: 1248 daAuts
     D:3: 1208 daAuts
     D:1: 650 daAuts
     D:5: 525 daAuts
 Ossuary: 354 daAuts
     D:6: 23 daAuts
  Temple: 1 daAuts
